 Dungeon Crawl Stone Soup version 0.31-a0-246-g8cbcc1cb85 (webtiles) character file.

Game seed: 15428717740400379648

80 Staticcus the Cutter (level 4, -1/34 HPs)
             Began as a Human Gladiator on July 13, 2023.
             Slain by a goblin
             ... wielding a +0 club
             ... led by Robin
              (2 damage)
             ... on level 3 of the Dungeon.
             The game lasted 00:23:32 (1274 turns).

Staticcus the Cutter (Human Gladiator)              Turns: 1274, Time: 00:23:33

Health: -1/34      AC:  6    Str: 16    XL:     4   Next: 65%
Magic:  4/4        EV: 12    Int:  8    God:
Gold:   105        SH:  0    Dex: 15    Spells: 3/3 levels left

rFire   . . .        o - +2 quarterstaff (drain)
rCold   . . .        (shield currently unavailable)
rNeg    . . .        h - +0 ring mail
rPois   .            c - +0 helmet
rElec   .            (no cloak)
rCorr   .            (no gloves)
SInv    .            (no boots)
Will    .....        (no amulet)
Stlth   +            (no ring)
HPRegen 0.25/turn    (no ring)
MPRegen 0.09/turn

%: no passive effects
@: about to teleport
A: no striking features
a: no special abilities


You were on level 3 of the Dungeon.
You visited 1 branch of the dungeon, and saw 3 of its levels.

You collected 105 gold pieces.

Inventory:

Hand Weapons
 a - a +0 rapier
 f - a +0 dagger
 l - a +0 whip
 o - a +2 quarterstaff of draining (weapon)
Missiles
 d - 3 throwing nets
 e - a javelin (quivered)
 i - 17 stones
 p - 5 large rocks
Armour
 b - a +0 leather armour
 c - a +0 helmet (worn)
 h - a +0 ring mail (worn)
 j - a +0 robe
Talismans
 k - a maw talisman
Potions
 g - a potion of berserk rage
 m - 2 potions of curing {unknown}


   Skills:
 + Level 2.3 Fighting
 + Level 3.9 Short Blades
 + Level 0.2 Staves
 + Level 2.1 Throwing
 + Level 1.2 Armour
 + Level 3.6 Dodging


You had 3 spell levels left.
You didn't know any spells.
Your spell library was empty.

Dungeon Overview and Level Annotations

Branches:
Dungeon (3/15)

Altars:

Annotations:
D:3 Robin


Message History

You kill the goblin!
Robin roars a battlecry!
The goblins go into a battle-frenzy!
The hobgoblin hits you. The goblin closely misses you.
The hobgoblin closely misses you. The goblin completely misses you.
The hobgoblin barely misses you.
You hit the goblin.
You kill the goblin!
The hobgoblin hits you. x2; The hobgoblin misses you.
Robin throws the goblin at you!
You thump the hobgoblin!
You kill the hobgoblin!
The goblin closely misses you. The hobgoblin closely misses you.
You closely miss the hobgoblin. The hobgoblin hits you.
The hobgoblin closely misses you. The goblin barely misses you. x2
The goblin misses you. The goblin barely misses you.
The hobgoblin completely misses you. The hobgoblin closely misses you.
Robin throws the goblin at you!
You hit the hobgoblin. You drain the hobgoblin.
The hobgoblin is heavily wounded.
The goblin hits you but does no damage. x2; The hobgoblin hits you.
The goblin closely misses you. The hobgoblin closely misses you.
You sock the goblin!
You kill the goblin!
The hobgoblin hits you but does no damage.
The hobgoblin hits you. The goblin hits you with a +0 club.
The goblin closely misses you. The goblin attacks as you move away!
The goblin hits you with a +0 club.
* * * LOW HITPOINT WARNING * * *
The hobgoblin barely misses you. The goblin hits you but does no damage.
Things that are here:
a +0 club; a +0 club; a goblin corpse The hobgoblin attacks as you move away!
The hobgoblin barely misses you. Robin throws the goblin at you!
* * * LOW HITPOINT WARNING * * *
The goblin hits you with a +0 dagger.
* * * LOW HITPOINT WARNING * * *
As you read the scroll of teleportation, it crumbles to dust.
You feel strangely unstable. The goblin hits you with a +0 club.
You die...

#...#.....#...#..≈≈
#...#.....#...#^.≈≈
##'##.....##)##..≈≈
#............#...≈≈
#............#...≈≈
#...##########...≈≈
#..g#g....$. ####≈≈
#g.g'g...$.. ≈≈
#.@ggg...... ≈≈
############ ##


You could see Robin, 3 hobgoblins and 4 goblins.

Vanquished Creatures
  An adder (D:2)
  2 worms
  5 endoplasms
  2 giant cockroaches
  11 goblins
  9 hobgoblins
  3 jackals (D:3)
  3 quokkas
  6 ball pythons
  6 bats
  6 kobolds
  2 rats (D:1)
56 creatures vanquished.

Notes
Turn   | Place    | Note
-------+----------+-------------------------------------------
     0 | D:1      | Staticcus the Human Gladiator began the quest for the Orb.
     0 | D:1      | Reached XP level 1. HP: 16/16 MP: 1/1
   323 | D:1      | Reached XP level 2. HP: 3/22 MP: 2/2
   612 | D:1      | Reached XP level 3. HP: 26/27 MP: 3/3
   874 | D:2      | Reached skill level 1 in Armour
   874 | D:2      | Reached XP level 4. HP: 23/33 MP: 4/4
  1264 | D:3      | Noticed Robin
  1273 | D:3      | HP: 1/34 [goblin/+0 dagger[Robin] (5)]
  1274 | D:3      | Slain by a goblin

Illustrated notes

Levels and vault maps discovered:
D:1:      eino_arrival_druids_welcome, layout_basic, basic_ecumenical_altar
D:2:      layout_basic, minmay_tetromino_s2
D:3:      kennysheep_goblin_castle, layout_loops_cross, serial_shops,
          nicolae_shop_statue_plus

Skill      XL: |  1  2  3 |
---------------+----------+-----
Armour         | 1 |  1.2
Fighting       | |  2.3
Short Blades   | |  3.9
Staves         | |  0.2
Throwing       | |  2.1
Dodging        | |  3.6

Action                     |  1- 3 |  4- 6 || total
---------------------------+-------+-------++-------
  Melee: Dagger            |    34 |       ||    34
         Rapier            |   104 |    19 ||   123
         Punch             |     3 |       ||     3
         Quarterstaff      |       |    30 ||    30
    Use: Scroll            |     2 |     1 ||     3
 Armour: Leather armour    |     7 |       ||     7
         Ring mail         |    38 |    27 ||    65
  Dodge: Dodged            |    93 |    49 ||   142
         Form:             |     1 |       ||     1
         Maw               |     1 |       ||     1

Table legend: (Time is in decaauts)
 A = Elapsed time spent in this place.
 B = Non-inter-level travel time spent in this place.
 C = Inter-level travel time spent in this place.
 D = Time resting spent in this place.
 E = Time spent auto-exploring this place.
 F = Levels seen in this place.
 G = Mean time per level.
                   A        B        C        D        E       F      G
               +--------+--------+--------+--------+--------+-----+--------+
         Total |   1278 |    483 |    795 |      0 |      0 |   3 |  426.0 |
       Dungeon |   1278 |    483 |    795 |      0 |      0 |   3 |  426.0 |
               +--------+--------+--------+--------+--------+-----+--------+

Top non-repeatable levels by time:
     D:1: 660 daAuts
     D:2: 429 daAuts
     D:3: 188 daAuts
